 Dungeon Crawl Stone Soup version 0.20.0-10-g0535bb4 (webtiles) character file.

1322 straycat the Covert (level 8, -4/61 HPs)
             Began as a Vampire Assassin on June 3, 2017.
             Slain by a soldier ant (14 damage)
             ... on level 6 of the Dungeon.
             The game lasted 00:28:35 (6551 turns).

straycat the Covert (Vampire Assassin)              Turns: 6551, Time: 00:28:38

Health: -4/61      AC:  0    Str: 10    XL:     8   Next: 33%
Magic:  6/8        EV: 26    Int: 13    God:
Gold:   192        SH:  0    Dex: 23    Spells: 7/7 levels left

rFire    . . .     SeeInvis +   (weapon currently unavailable)
rCold    . . .     Gourm    .   (shield currently unavailable)
rNeg     + . .     Faith    .   (armour currently unavailable)
rPois    .         Spirit   .   (helmet currently unavailable)
rElec    .         Reflect  .   (cloak currently unavailable)
rCorr    .         Harm     .   (gloves currently unavailable)
MR       .....                  (boots currently unavailable)
Stlth    ++++++....             o - amulet of magic regeneration
Regen    0.2/turn               (ring currently unavailable)
MPRegen  0.2/turn               (ring currently unavailable)

@: lethally poisoned (-4 -> -7), bat-form, flying, very quick
A: fangs 3, see invisible
a: End Transformation


You were on level 6 of the Dungeon.
You were not thirsty.
You were in vampire-bat-form.
You visited 1 branch of the dungeon, and saw 7 of its levels.

You collected 192 gold pieces.

Inventory:

Hand Weapons
 b - a +0 blowgun
 g - a +0 shortbow
 x - a +0 hunting sling
 A - a +4 dagger (melded)
 D - a cursed -1 whip
 F - a +0 scythe
 G - a +0 spear
 R - a +0 falchion
Missiles
 e - 18 poisoned needles
 f - 2 curare-tipped needles
 i - 68 stones (quivered)
 m - 74 arrows
 n - 92 sling bullets
Armour
 c - a +0 robe
 d - a +1 cloak (melded)
 j - a +0 buckler (melded)
 k - a +0 ring mail
 B - a +1 leather armour of cold resistance (melded)
 K - a cursed +0 leather armour
 S - a cursed +0 plate armour
Jewellery
 h - a ring of protection from magic (melded)
 o - an amulet of magic regeneration (around neck)
 I - a +2 ring of intelligence {unknown}
Wands
 L - a wand of confusion (23/48)
Scrolls
 a - 4 scrolls of identify {unknown}
 p - a scroll of fog {unknown}
 r - 2 scrolls of blinking {unknown}
 t - 4 scrolls of remove curse {unknown}
 u - 2 scrolls of teleportation {unknown}
 w - 2 scrolls of enchant weapon {unknown}
 y - a scroll of immolation {unknown}
 C - a scroll of amnesia {unknown}
 E - 3 scrolls of recharging {unknown}
 J - 3 scrolls of fear {unknown}
 M - a scroll of magic mapping {unknown}
Potions
 l - a potion of curing {unknown}
 q - 2 potions of might {unknown}
 s - a potion of magic {unknown}
 v - 2 potions of mutation {unknown}
 z - 3 potions of degeneration {unknown}
 H - 2 potions of agility {unknown}
 N - a potion of haste {unknown}
 P - a potion of brilliance {unknown}
 Q - a potion of heal wounds {unknown}
 T - a potion of blood
Books
 O - a book of Annihilations

   Spells                             Type                      Level
   a - Poison Arrow                   Conjuration/Poison           6
   b - Chain Lightning                Conjuration/Air              8
   c - Lehudib's Crystal Spear        Conjuration/Earth            8
   d - Glaciate                       Conjuration/Ice              9
   e - Fire Storm                     Conjuration/Fire             9


   Skills:
 * Level 4.7 Fighting
 + Level 4.5 Short Blades
 - Level 1.5 Throwing
 + Level 2.5 Armour
 * Level 5.7 Dodging
 + Level 8.1 Stealth
 + Level 3.0 Shields


You had 7 spell levels left.
You didn't know any spells.

Dungeon Overview and Level Annotations

Branches:
Dungeon (7/15)
 Temple: D:4-7

Altars:
Ashenzari
Cheibriados
Kikubaaqudgha
Okawaru
Ru
Trog
Xom

Annotations:
D:4 DogShitOnMyToe's ghost, novice MfCj
D:6 1 runed door


Innate Abilities, Weirdness & Mutations

You have razor-sharp teeth.
You have supernaturally acute eyesight. (SInv)
((You can survive without breathing.))


Message History

The giant cockroach closely misses you.
You hit the giant cockroach.
You kill the giant cockroach!
You feel sick. You block the soldier ant's attack.
The worker ant closely misses you.
You feel sick. The giant cockroach bites you.
The worker ant bites you but does no damage.
The soldier ant stings you!
* * * LOW HITPOINT WARNING * * *
The giant cockroach bites you but does no damage.
The worker ant barely misses you.
You feel sick. The soldier ant misses you.
You turn into a vampire bat.
Your +4 dagger melds into your body.
Your +1 cloak melds into your body.
Your +0 buckler melds into your body.
Your +1 leather armour of cold resistance melds into your body.
Your ring of protection from magic melds into your body.
You feel less resistant to cold.
You feel sick. The worker ant bites you.
* * * LOW HITPOINT WARNING * * *
The soldier ant stings you!
You die...

.........).......
..................
.####............
<..............#
##...............
...............##
########'########...##
#...............#.....
#...ab..........#....#
#..sa#######....#.....
#...a#a....#....#.....
#....†sb$..+....#.....
#...†#b....#....#.....
#....#######....#.....
#...............#.....
#...............#.....
########'########.....


You could see a soldier ant, 2 worker ants and a giant cockroach.

Vanquished Creatures
  The ghost of zkyp the Skirmisher, an amateur OgHu (D:3)
  Sigmund (D:3)
  Eustachio (D:6)
  A soldier ant (D:6)
  A phantom (D:4)
  A centaur (D:6)
  A scorpion (D:4)
  A killer bee (D:6)
  2 hounds (D:4)
  A jelly (D:5)
  A bullfrog skeleton (D:5)
  3 worker ants
  2 hound skeletons (D:4)
  3 gnolls (D:4)
  11 adders
  An ooze (D:6)
  2 adder zombies
  8 worms
  A dart slug (D:1)
  4 leopard geckos
  2 orcs
  10 bats
  17 giant cockroaches
  14 goblins
  11 hobgoblins
  3 jackals (D:3)
  4 quokkas
  A ball python (D:5)
  6 frilled lizards
  8 kobolds
  7 rats
130 creatures vanquished.

Notes
Turn   | Place    | Note
-------+----------+-------------------------------------------
     0 | D:1      | straycat the Vampire Assassin began the quest for the Orb.
     0 | D:1      | Reached XP level 1. HP: 16/16 MP: 1/1
    92 | D:1      | Reached skill level 6 in Stealth
    94 | D:1      | Reached XP level 2. HP: 20/22 MP: 2/2
   594 | D:2      | Reached XP level 3. HP: 10/27 MP: 3/3
   651 | D:2      | HP: 1/27 [hobgoblin (4)]
  1016 | D:2      | Reached skill level 1 in Armour
  1555 | D:2      | Reached XP level 4. HP: 31/34 MP: 4/4
  1899 | D:3      | Reached skill level 1 in Shields
  1935 | D:3      | Found an ancient bone altar of Kikubaaqudgha.
  1992 | D:3      | Noticed zkyp's ghost (amateur OgHu)
  2435 | D:3      | Noticed Sigmund
  2769 | D:3      | Reached XP level 5. HP: 39/39 MP: 5/5
  2794 | D:3      | Found an iron altar of Okawaru.
  2799 | D:3      | Found a bloodstained altar of Trog.
  2807 | D:3      | Found a snail-covered altar of Cheibriados.
  2816 | D:3      | Found a shimmering altar of Xom.
  3336 | D:4      | Noticed DogShitOnMyToe's ghost (novice MfCj)
  3922 | D:3      | Killed Sigmund
  3922 | D:3      | Reached skill level 7 in Stealth
  3922 | D:3      | Reached XP level 6. HP: 33/47 MP: 6/6
  4151 | D:3      | Killed zkyp's ghost
  4151 | D:3      | Reached XP level 7. HP: 49/53 MP: 7/7
  4350 | D:4      | Found a shattered altar of Ashenzari.
  4777 | D:5      | Entered Level 5 of the Dungeon
  5575 | D:4      | Reached skill level 5 in Dodging
  5799 | D:6      | Noticed Eustachio
  5806 | D:6      | Killed Eustachio
  5806 | D:6      | Reached XP level 8. HP: 61/61 MP: 8/8
  5876 | D:6      | HP: 3/61 [centaur/arrow (3)]
  5880 | D:7      | HP: 1/61 [black bear (3)]
  5886 | D:7      | Found a sacrificial altar of Ru.
  6404 | D:6      | Reached skill level 8 in Stealth
  6474 | D:6      | Found a runed door.
  6488 | D:6      | Found a runed door.
  6551 | D:6      | Slain by a soldier ant

Skill      XL: |  1  2  3  4  5  6  7  8 |
---------------+-------------------------+-----
Stealth        | 6 7 8 |  8.1
Fighting       | 2 3 4 |  4.7
Armour         | 1 2 |  2.5
Dodging        | 2 3 4 5 |  5.7
Shields        | 1 2 3 |  3.0
Short Blades   | 3 4 |  4.5
Throwing       | |  1.5

Action                   |  1- 3 |  4- 6 |  7- 9 || total
-------------------------+-------+-------+-------++-------
Melee: Dagger            |   110 |   205 |   224 ||   539
       Bite              |    13 |    18 |    29 ||    60
       Unarmed           |       |     9 |       ||     9
 Abil: Bat Form          |     1 |     4 |     3 ||     8
       End Transformatio |     1 |     4 |     2 ||     7
  Use: Potion            |     1 |     6 |     6 ||    13
       Scroll            |       |     1 |       ||     1
 Stab: Sleeping          |     4 |     6 |     6 ||    16
       Distracted        |     1 |     2 |       ||     3
  Eat: Corpse            |       |     2 |       ||     2
Armor: Robe              |    25 |     6 |       ||    31
       Ring mail         |       |    37 |       ||    37
       Leather armour    |       |     1 |    33 ||    34
Dodge: Dodged            |    51 |   128 |   116 ||   295
Block: Buckler           |       |    22 |    30 ||    52
